 Dungeon Crawl Stone Soup version 0.30-a0-358-g0d69a1922f (webtiles) character file.

Game seed: 10014243920994028659

135 pyrow613 the Firebug (level 4, -3/35 HPs)
             Began as a Demigod Fire Elementalist on Nov 8, 2022.
             Slain by Terence
             ... wielding a +0 trident
              (6 damage)
             ... on level 3 of the Dungeon.
             The game lasted 00:10:03 (2801 turns).

pyrow613 the Firebug (Demigod Fire Elementalist)    Turns: 2801, Time: 00:10:03

Health: -3/35      AC:  4    Str:  9    XL:     4   Next: 66%
Magic:  1/10       EV: 11    Int: 21    God:
Gold:   183        SH:  0    Dex: 14    Spells: 4/7 levels left

rFire   . . .      SeeInvis .    a - +0 dagger (freeze)
rCold   . . .      Faith    .    (no shield)
rNeg    + . .      Spirit   .    c - +0 leather armour
rPois   .          Reflect  .    (no helmet)
rElec   .          Harm     .    (no cloak)
rCorr   .          Rampage  .    b - +0 pair of gloves
Will    .....                    (no boots)
Stlth   ++........               (no amulet)
HPRegen 0.25/turn                i - ring of positive energy
MPRegen 0.12/turn                (no ring)

@: invisible
A: high MP 1, forlorn, divine attributes
a: no special abilities


You were on level 3 of the Dungeon.
You visited 1 branch of the dungeon, and saw 3 of its levels.

You collected 183 gold pieces.

Inventory:

Hand Weapons
 a - a +0 dagger of freezing (weapon)
Missiles
 m - 3 poisoned darts
Armour
 b - a +0 pair of gloves (worn)
 c - a +0 leather armour (worn)
Magical Staves
 r - a staff of air
Jewellery
 i - a ring of positive energy (left hand)
Wands
 n - a wand of flame (14)
 p - a wand of polymorph (12)
Scrolls
 d - a scroll of poison {unknown}
 f - a scroll of acquirement {unknown}
 g - a scroll of enchant armour {unknown}
 h - 2 scrolls of identify {unknown}
 k - a scroll of fear {unknown}
 l - a scroll of summoning {unknown}
 q - a scroll of blinking {unknown}
 s - a scroll of butterflies {unknown}
Potions
 e - a potion of invisibility
 j - a potion of heal wounds {unknown}
 o - a potion of mutation {unknown}
 t - a potion of attraction {unknown}


   Skills:
 + Level 1.3 Fighting
 + Level 1.0 Short Blades
 - Level 1.8 Dodging
 - Level 1.9 Stealth
 + Level 2.4 Spellcasting
 * Level 2.5 Conjurations
 + Level 3.2 Fire Magic


You had 4 spell levels left.
You knew the following spells:

 Your Spells              Type           Power      Damage    Failure   Level
a - Foxfire               Conj/Fire      56%        2x1d6     6%          1
b - Scorch                Fire           32%        2d6       8%          2

Your spell library contained the following spells:

 Spells                   Type           Power      Damage    Failure   Level
 Inner Flame              Hex/Fire       9%         N/A       30%         3
 Kindle Blastsparks       Fire/Tloc/Air  14%        2d11      36%         3
 Flame Wave               Conj/Fire      14%        2d6       52%         4


Dungeon Overview and Level Annotations

Branches:
Dungeon (3/15)

Annotations:
D:3 1 runed translucent door, Crazy Yiuf, Terence


Innate Abilities, Weirdness & Mutations

You have an increased reservoir of magic. (+10% MP)
You shall have no god before yourself.
Your divine heritage dramatically boosts your attributes as you level up.


Message History

Terence is severely wounded.
Terence closely misses you.
You hit Terence but do no damage.
Terence is severely wounded.
Terence hits you with a +0 trident.
* * * LOW HITPOINT WARNING * * *
It was a potion of invisibility.
You fade into invisibility!
Terence hits you with a +0 trident.
* * * LOW HITPOINT WARNING * * *
You hit Terence but do no damage.
Terence is severely wounded.
Terence barely misses you.
You barely miss Terence.
Terence is severely wounded.
Terence hits you with a +0 trident.
* * * LOW HITPOINT WARNING * * *
You completely miss Terence.
Terence is severely wounded.
Terence misses you.
You hit Terence but do no damage.
Terence is severely wounded.
Terence hits you but does no damage.
You barely miss Terence.
Terence is severely wounded.
Casting: Foxfire (safe; 6% risk of failure)
Confirm with . or Enter, or press ? or * to list all spells.
Flames lash Terence but do no damage.
Terence hits you with a +0 trident.
* * * LOW HITPOINT WARNING * * *
You hit Terence. You freeze Terence.
Terence is severely wounded.
Terence completely misses you.
Unknown command.
You barely miss Terence.
Terence is severely wounded.
Terence barely misses you.
You hit Terence but do no damage.
Terence is severely wounded.
Terence hits you with a +0 trident.
You die...

#.#. #.#.#.#.#.#.. #.#.#
##........÷##
#...###.##.#.#.#.#...
#............).....#.
#...###.....#..#.###. #...#
#.##...........
#...###.##........###
#....##.##........#
#..#@...##........#
#...@.............### .P
#.#......#...........
.###.###.................###
.......#...........#######
.........#...÷÷....#
#.......##.....##.#
##..÷...##........# #
#..#...##.......#### ####


You could see Terence (unable to see you).

Vanquished Creatures
  2 orc wizards (D:2)
  An adder (D:2)
  An ufetubus (D:3)
  A dart slug (D:3)
  4 orcs (D:3)
  4 ball pythons
  8 bats
  2 endoplasms (D:1)
  14 giant cockroaches (D:3)
  5 goblins
  5 hobgoblins
  3 kobolds
  3 quokkas (D:1)
  4 frilled lizards
  5 rats
62 creatures vanquished.

Vanquished Creatures (others)
  75 foxfires
  4 fungi (D:3)
  8 plants (D:3)
87 creatures vanquished.

Grand Total: 149 creatures vanquished

Notes
Turn   | Place    | Note
-------+----------+-------------------------------------------
     0 | D:1      | pyrow613 the Demigod Fire Elementalist began the quest for
                  | the Orb.
     0 | D:1      | Reached XP level 1. HP: 14/14 MP: 5/5
    56 | D:1      | Reached skill level 1 in Conjurations
   373 | D:1      | Reached XP level 2. HP: 20/20 MP: 7/7
  1209 | D:2      | Identified the +0 robe "Jeusm" {Rampage Drain Str+2 Int+2}
  1287 | D:2      | Reached XP level 3. HP: 27/27 MP: 8/8
  1320 | D:2      | Reached skill level 3 in Fire Magic
  1341 | D:2      | Learned a level 2 spell: Scorch
  1903 | D:3      | Reached skill level 1 in Fighting
  2217 | D:3      | Found a runed translucent door.
  2218 | D:3      | Noticed Crazy Yiuf
  2410 | D:3      | Reached XP level 4. HP: 33/35 MP: 7/10
  2503 | D:2      | Reached skill level 1 in Short Blades
  2759 | D:3      | Noticed Terence
  2801 | D:3      | Slain by Terence

Illustrated notes

Levels and vault maps discovered:
D:1:      amcnicky_arrival_wind_blow, layout_basic
D:2:      layout_basic, minmay_tetromino_i2
D:3:      minmay_roachtagon, layout_rooms,
          shapermc_ecumenical_altar_mp_urbaneastern, nrook_loot_triangle,
          chequers_serial_rivers_micro_d, hex_medium, grunt_ministairs_13,
          uniq_crazy_yiuf_cottage, uniq_terence

Skill      XL: |  1  2  3  4 |
---------------+-------------+-----
Conjurations   | 1 2 |  2.5
Spellcasting   | 2 |  2.4
Fire Magic     | 3 |  3.2
Fighting       | 1 |  1.3
Short Blades   | 1 |  1.0
Dodging        | |  1.8
Stealth        | |  1.9

Action                   |  1- 3 |  4- 6 || total
-------------------------+-------+-------++-------
Melee: Dagger            |   157 |    27 ||   184
       Punch             |     1 |       ||     1
 Cast: Foxfire           |    36 |    12 ||    48
       Scorch            |     3 |    10 ||    13
  Use: Potion            |     1 |     1 ||     2
 Stab: Sleeping          |     5 |       ||     5
Armor: Leather armour    |    96 |    18 ||   114
Dodge: Dodged            |   177 |    28 ||   205

Table legend: (Time is in decaauts)
 A = Elapsed time spent in this place.
 B = Non-inter-level travel time spent in this place.
 C = Inter-level travel time spent in this place.
 D = Time resting spent in this place.
 E = Time spent auto-exploring this place.
 F = Levels seen in this place.
 G = Mean time per level.
                   A        B        C        D        E       F      G
               +--------+--------+--------+--------+--------+-----+--------+
         Total |   2798 |   2787 |     11 |    227 |   1984 |   3 |  932.7 |
       Dungeon |   2798 |   2787 |     11 |    227 |   1984 |   3 |  932.7 |
               +--------+--------+--------+--------+--------+-----+--------+

Top non-repeatable levels by time:
     D:2: 1179 daAuts
     D:3: 832 daAuts
     D:1: 787 daAuts
